Unix NetHack Version 5.0.0-0 post-release - last build Jun 10 2026 00:39:30 (3ee93aec679c4c4259841fe613dc97188e26a321,branch:main).

Game began 2026-06-14 10:55:42, ended 2026-06-14 11:10:45.

LDaviesPeters, neutral female human Archeologist

          ------
          |...(.@
          |<e).|
          |..).|
        ##-....|
        # -.----
        #  ##
        #   #
        #   ###
        #     #
        #     ######``
        #     -------##                             #              ####
  ------#     |......#########                  ----.------    -------|----
  |..>..######-.....| ###    ####               |.........|####...........|
  |....|#     |..>..|   ##    --)--             |.........-#   |..........|
  |.....#     |.....|    #####..).|       ######..........|    |.......{..|
  |....|      |.....|         |..^)#)######     -----------####...........|
  ------      -------         -----                            ------------

LDaviesPeters the Field Worker  St:11 Dx:10 Co:14 In:14 Wi:13 Ch:12  Neutral
Dlvl:4  $:30 HP:0(31) Pw:14(14) AC:7  Xp:4 T:1089  Blind Deaf

Latest messages:
 You see here a cursed thonged club.
 The little dog drops a crossbow.
 You see here a broad pick.
 Pick a monster, object or location.
 )        a weapon (a silver spear)
 You see here a statue of a floating eye.
 In what direction? 6
 You kick a silver spear.
 Pick a monster, object or location.
 )        a weapon (6 crossbow bolts)
 Really step onto that magic trap? [yn] (n) n
 You see here a broad pick.
 You see here a silver spear.
 You find a hidden door.
 You see here a locked large box.
 The door opens.
 KABOOM!!  The door was booby-trapped!
 You stagger...
 There is a magic trap here.
 You see here 6 crossbow bolts.
 You are momentarily blinded by a flash of light!
 You hear a deafening roar!
 It bites!
 It just misses!
 It bites!
 It bites!
 It bites!
 Are you sure you want to pray? [yn] (n) y
 You begin praying to Camaxtli.
 You feel something move nearby.
 You feel something move nearby.
 You feel something move nearby.
 You finish your prayer.
 You feel that Camaxtli is well-pleased.
 You feel much better.
 It bites!
 It bites!
 It bites!
 It bites!
 It bites!
 It bites!
 You feel a bit steadier now.
 You try to feel what is lying here on the floor.
 You feel here a locked large box.
 It bites!
 It bites!
 It bites!
 It bites!
 You die...
 Do you want your possessions identified? [ynq] (y) q

Inventory:
 Coins    ('$')
  $ - 30 gold pieces
 Weapons  (')')
  s - 4 +0 darts
  A - a +1 orcish dagger
  a - a +2 bullwhip (weapon in left hand)
 Armor    ('[')
  c - an uncursed +0 fedora
  z - an uncursed +0 orcish helm (being worn)
  j - an uncursed +0 pair of speed boots (being worn)
  D - an uncursed +0 Hawaiian shirt with a parrot motif (being worn)
  h - an uncursed +0 leather jacket (being worn)
 Comestibles  ('%')
  o - 2 uncursed cram rations
  d - 5 uncursed food rations
  m - an uncursed tripe ration
  u - an uncursed homemade tin of newt meat
  r - an uncursed lichen corpse
 Scrolls  ('?')
  E - an uncursed scroll of enchant armor
  y - a blessed scroll of teleportation
 Wands    ('/')
  B - a wand of nothing (0:5)
 Tools    ('(')
  b - an uncursed sack containing 5 items
  C - an uncursed magic whistle
  l - an uncursed oil lamp
  p - a +0 pick-axe (alternate weapon; not wielded)
  f - a tinning kit (0:95)
 Gems/Stones  ('*')
  g - an uncursed touchstone

Contents of the sack:
  28 gold pieces
  an uncursed scroll of blank paper
  a blessed scroll of amnesia
  an uncursed scroll of enchant weapon
  3 uncursed potions of extra healing

LDaviesPeters the Archeologist's attributes:

Background:
 You were a Field Worker, a level 4 female human Archeologist.
 You were neutral, on a mission for Camaxtli
 who was opposed by Quetzalcoatl (lawful) and Huhetotl (chaotic).
 You were left-handed.
 You were in the Dungeons of Doom, on level 4.
 You entered the dungeon 1089 turns ago.
 There was a new moon in effect when your adventure ended.
 You had 80 experience points, 80 more were needed to attain level 5.

Basics:
 You had 0 out of 31 hit points.
 You had all 14 energy points (spell power).
 Your armor class was 7.
 Your wallet contained 30 zorkmids, and
 you had 28 more stashed away in your pack.
 Autopickup was off.

Final Characteristics:
 Your strength was 11 (limit:18/100).
 Your dexterity was 10 (peak:11, limit:18).
 Your constitution was 14 (limit:18).
 Your intelligence was 14 (limit:18).
 Your wisdom was 13 (limit:18).
 Your charisma was 12 (limit:18).

Final Status:
 You were temporarily blind.
 You were deaf.
 You weren't hungry.
 You were unencumbered.
 You were wielding a whip.
 You had basic skill with whip.

Final Attributes:
 You were devoutly aligned.
 You had automatic searching.
 You were very fast.
 You are dead.

Miscellaneous:
 You encountered 1 bones level.
 Total elapsed playing time was 15 minutes and 3 seconds.

Major events:
 Turn
    1: LDaviesPeters the neutral female human Archeologist entered the dungeon
  607: attained the rank of Field Worker (level 3)
  747: entered the Gnomish Mines
 1089: killed by a kitten

You didn't know any spells.

Skills:
 Fighting Skills
   bare handed combat [Unskilled]
   two weapon combat  [Unskilled]
   riding             [Unskilled]
 Weapon Skills
   dagger             [Unskilled]
   knife              [Unskilled]
   pick-axe           [Basic]
   short sword        [Unskilled]
   saber              [Unskilled]
   club               [Unskilled]
   quarterstaff       [Unskilled]
   sling              [Unskilled]
   dart               [Unskilled]
   boomerang          [Unskilled]
   whip               [Basic]
   unicorn horn       [Unskilled]
 Spellcasting Skills
   attack spells      [Unskilled]
   healing spells     [Unskilled]
   divination spells  [Unskilled]
   matter spells      [Unskilled]

Voluntary challenges:
 Character rerolling was not enabled.
 You never genocided any monsters.
 You never polymorphed an object.
 You never changed form.
 You used no wishes.
Achievements:
 You attained the rank of Field Worker.
 You entered the Gnomish Mines.

 The Dungeons of Doom: levels 1 to 5
    Level 1:
       A fountain, a sink, a grave.
    Level 2:
       A fountain.
    Level 3:
       An altar, many fountains.
    Level 4: <- You were here.
       A fountain.
       Stairs down to The Gnomish Mines.
       Final resting place for
          you, killed by a kitten.
    Level 5:
       A fountain.
       Final resting place for
          80percenthuman-Wiz-Hum-Fem-Cha, killed by a pony.
 The Gnomish Mines:
    Level 5:


Vanquished creatures:
  a giant bat
 an iguana
  a manes
  a large kobold
  a giant rat
  2 gnomes
  5 garter snakes
  2 geckos
  3 jackals
  a fox
  3 kobolds
  a goblin
  4 lichens
  a kobold zombie
  3 newts
30 creatures vanquished.

No species were genocided or became extinct.

Game over:
                       ----------
                      /          \
                     /    REST    \
                    /      IN      \
                   /     PEACE      \
                  /                  \
                  |  LDaviesPeters   |
                  |      58 Au       |
                  |   killed by a    |
                  |      kitten      |
                  |                  |
                  |                  |
                  |       2026       |
                 *|     *  *  *      | *
        _________)/\\_//(\/(/\)/\//\/|_)_______

Goodbye LDaviesPeters the Archeologist...

You died in The Dungeons of Doom on dungeon level 4 with 573 points,
and 58 pieces of gold, after 1089 moves.
You were level 4 with a maximum of 31 hit points when you died.

